AoeStats
← Teblu

Pilgrims

510239611Analyzed
3v3 RM · 1d ago on Sep 30, 2026· 24m 2s· 6 players
Game mode
Random Map
Map size
Normal (6 player)
Population
200
Speed
Normal
Resources
Standard
Victory
Conquest
Starting age
Dark Age
Ending age
Imperial Age
RankedLock teamsTeams togetherTeam positionsShared explorationLock speedFull tech treeHidden civsTurbo modeCheats
Victory
Defeat
🇦🇷 Sicilians · Argentina
957
+13
🇺🇸 Varangians · United States
952
+13
🇺🇸 Franks · United States
918
+14
🇲🇽 Varangians · Mexico
924
-15
🇺🇸 Hindustanis · United States
899
-14
🇹🇷 Slavs · Türkiye
826
-11
Teblu
5:27 Loom
12:44 Feudal Age
16:13 Wheelbarrow
15:31 Fishing Lines
golgi
13:39 Feudal Age
16:31 Forging
16:27 Scale Barding Armor
24:03 Castle Age
NordicPain
4:32 Loom
10:19 Feudal Age
16:41 Castle Age
15:17 Bloodlines
15:21 Double-Bit Axe
17:11 Horse Collar
17:49 Bow Saw
kaiju
4:20 Loom
11:58 Feudal Age
13:28 Wheelbarrow
12:42 Double-Bit Axe
19:05 Scale Barding Armor
24:08 Castle Age
22:29 Forging
crepysa
8:04 Loom
10:25 Feudal Age
11:13 Town Watch
14:18 Double-Bit Axe
18:23 Wheelbarrow
19:59 Castle Age
18:53 Forging
18:36 Fletching
19:25 Wheelbarrow
19:00 Horse Collar
21:33 Bodkin Arrow
23:17 Scale Mail Armor
24:56 Iron Casting
Fifthlosophic
3:41 Loom
10:46 Feudal Age
11:53 Double-Bit Axe
11:53 Fishing Lines
16:36 Castle Age
14:29 Gold Mining
15:52 Stone Mining
16:58 Fletching
22:18 Scale Barding Armor
22:21 Gillnets
24:40 Wheelbarrow
Connection lost

Rejoining the realm…

Still unreachable

The connection could not be restored.

Session expired

The server has moved on; the page needs a fresh start.